 Dungeon Crawl Stone Soup version 0.18.1-5-g4a78601 (webtiles) character file.

13367 Hipnos the Thaumaturge (level 11, -26/48 HPs)
             Began as a Deep Elf Fire Elementalist on May 9, 2016.
             Was a Priest of Vehumet.
             Annihilated by a death yak (30 damage)
             ... on level 2 of the Lair of Beasts.
             The game lasted 01:02:47 (12240 turns).

Hipnos the Thaumaturge (DEFE)                      Turns: 12240, Time: 01:02:48

Health: -26/48     AC:  5    Str:  7    XL:     11   Next: 74%
Magic:  11/38      EV: 16    Int: 22    God:    Vehumet [***...]
Gold:   650        SH:  7    Dex: 15    Spells: 5 memorised, 21 levels left

rFire  . . .     SeeInvis .     I - +8 mithril axe "Arga" {speed, MR+ Str+2}
rCold  . . .     Gourm    .     t - +2 robe {MR+}
rNeg   . . .     Faith    +     M - +2 buckler
rPois  .         Spirit   .     (no helmet)
rElec  .         Dismiss  .     (no cloak)
rCorr  .         Reflect  .     (no gloves)
SustAt .         Harm     .     (no boots)
MR     +++..                    T - amulet of faith
Stlth  ++........               i - ring of magical power
                                F - +1 ring of protection

@: very slightly contaminated, extremely resistant to hostile enchantments,
unstealthy
A: blurry vision 3, dopey 1, frail 1, regeneration 1
a: Renounce Religion


You were on level 2 of the Lair of Beasts.
You worshipped Vehumet.
Vehumet was most pleased with you.
You were very hungry.

You visited 3 branches of the dungeon, and saw 14 of its levels.

You collected 650 gold pieces.

Inventory:

Hand Weapons
 l - a +0 hand axe of freezing
 y - the +0 dagger of the Swamp {flame, rElec rF- Str+6}
   (You found it on level 5 of the Dungeon)

   It has been specially enchanted to burn those struck by it, causing extra
   injury to most foes and up to half again as much damage against particularly
   susceptible opponents.
   It affects your strength (+6).
   It makes you vulnerable to fire.
   It insulates you from electricity.
 I - the +8 mithril axe "Arga" (weapon) {speed, MR+ Str+2}
   (You found it on level 6 of the Dungeon)

   Attacks with this weapon are significantly faster.
   It affects your strength (+2).
   It affects your resistance to hostile enchantments.
Armour
 m - a +1 robe of cold resistance
 t - a +2 robe of magic resistance (worn)
 M - a +2 buckler (worn)
Jewellery
 a - an uncursed ring of resist corrosion
 g - an uncursed ring of stealth
 i - a ring of magical power (right hand)
 F - a +1 ring of protection (left hand)
 T - an amulet of faith (around neck)
Wands
 k - a wand of digging (8/24)
 A - a wand of enslavement (18/24)
 E - a wand of iceblast (9/15)
 S - a wand of flame (17/48)
Scrolls
 d - 2 scrolls of amnesia
 f - 2 scrolls of fog
 h - a scroll of identify
 j - 3 scrolls of magic mapping
 s - 3 scrolls of enchant weapon
 x - 4 scrolls of teleportation
 D - 3 scrolls of remove curse
 G - a scroll of enchant armour {unknown}
 J - a scroll of vulnerability {unknown}
 K - 3 scrolls of random uselessness
 L - a scroll of fear {unknown}
 N - 2 scrolls of recharging
 Q - a scroll of blinking {unknown}
Potions
 e - 4 potions of might
 n - 2 potions of magic
 o - a potion of brilliance
 r - a potion of resistance
 v - a potion of berserk rage {unknown}
 H - a potion of cancellation
 P - 3 potions of degeneration
 R - a potion of flight {unknown}
Books
 b - a book of Flames

   Spells                             Type                      Level
   a - Flame Tongue                   Conjuration/Fire             1
   b - Throw Flame                    Conjuration/Fire             2
   c - Conjure Flame                  Conjuration/Fire             3
   d - Inner Flame                    Hexes/Fire                   3
   e - Sticky Flame                   Conjuration/Fire             4
   f - Fireball                       Conjuration/Fire             5
Comestibles
 c - 8 bread rations
 p - 5 beef jerkies
 q - 3 meat rations
 u - a slice of pizza
 w - 4 chunks of flesh
 B - 14 royal jellies
 C - 12 fruits


   Skills:
 - Level 0.4 Short Blades
 + Level 6.6 Dodging
 - Level 2.6 Stealth
 * Level 5.0 Shields
 + Level 12.5 Spellcasting
 + Level 9.8 Conjurations
 * Level 12.4 Fire Magic
 - Level 0.2 Air Magic
 - Level 0.2 Poison Magic


You had 21 spell levels left.
You knew the following spells:

 Your Spells              Type           Power        Failure   Level  Hunger
a - Flame Tongue          Conj/Fire      #####        1%          1    None
b - Throw Flame           Conj/Fire      ######       1%          2    None
c - Conjure Flame         Conj/Fire      ######..     1%          3    None
d - Fireball              Conj/Fire      ######....   1%          5    ####...
e - Mephitic Cloud        Conj/Pois/Air  ####....     1%          3    None


Dungeon Overview and Level Annotations

Branches:
Dungeon (11/15)            Temple (1/1) D:7            Lair (2/8) D:10
    Orc (0/2) D:10

Altars:
Ashenzari
Cheibriados
Dithmenos
Elyvilon
Makhleb
Okawaru
Pakellas
Qazlal
Ru
Sif Muna
Trog
Vehumet
Xom
The Shining One

Shops:
D:4 ?   D:5 }?


Innate Abilities, Weirdness & Mutations

Scrolls take you much longer to read.
You are dopey. (Int -2)
You are frail (-10% HP).
Your natural rate of healing is unusually fast.


Message History

Aim: a death yak (moderately wounded)
The flame tongue hits the death yak.
The death yak appears unharmed.
The death yak is moderately wounded.
The death yak barely misses you. The death yak gores you!!
Drink which item? (? for menu, Esc to quit)
Okay, then.
Read which item? (? for menu, Esc to quit)
Really read with blurry vision while enemies are nearby?
Keep reading the scroll?
You block the death yak's attack.
You begin reading the scroll.
You continue reading the scroll.
The death yak seems less confused.
You block the death yak's attack. The death yak misses you.
You continue reading the scroll.
The death yak gores you!!
* * * LOW HITPOINT WARNING * * *
The death yak gores you!!
Ouch! That really hurt!
You die...

# Y.# ... #####
#...
...###...##....
...............
....⌠..<§.⌠....
.....%Y§.......
....##.§.##....
... #..#Y# ...
# ##.@Y# #
#.....#.#....#
.##....⌠....##
#........##
..###.>.### ..#
#..## . ####


You could see 3 death yaks.

Vanquished Creatures
  Erica (D:10)
  2 death yaks (Lair:2)
  The ghost of pedritolo the Blocker, a novice MiMo (D:9)
  A black mamba (Lair:1)
  4 spiny frogs (Lair:1)
  A komodo dragon (Lair:1)
  The ghost of varam the Changer, an amateur TrTm (D:4)
  A queen bee (D:9)
  2 two-headed ogres (D:10)
  A troll (D:9)
  A wyvern (D:10)
  A shadow (D:6)
  6 yaks (Lair:1)
  A basilisk (Lair:1)
  2 hippogriffs
  A hungry ghost (D:10)
  3 water moccasins (Lair:1)
  2 porcupines (Lair:1)
  6 orc warriors
  2 ice beasts
  A black bear (D:10)
  4 sky beasts
  2 phantoms (D:6)
  6 centaurs
  7 ogres
  A crocodile (Lair:1)
  A big kobold (D:10)
  5 giant frogs
  A jelly (D:9)
  4 scorpions
  24 killer bees (D:9)
  6 howler monkeys
  5 crimson imps
  A centaur zombie (D:7)
  6 hounds
  2 giant frog skeletons (D:6)
  4 orc priests
  2 centaur skeletons
  3 iguanas
  Ijyb (D:3)
  3 worker ants
  10 orc wizards
  A hound zombie (D:5)
  A worker ant zombie (D:6)
  7 gnolls
  8 adders
  A shadow imp (D:10)
  2 adder skeletons (D:9)
  3 worms
  4 giant geckos
  35 orcs
  11 giant cockroaches
  7 hobgoblins
  21 jackals
  12 kobolds
  6 quokkas
  7 bats
  4 giant newts
  10 goblins
  A jackal zombie (D:7)
  8 rats
288 creatures vanquished.

Vanquished Creatures (others)
  A wasp (D:7)
  An iguana (D:10)
  A bush (Lair:1)
3 creatures vanquished.

Grand Total: 291 creatures vanquished

Notes
Turn   | Place    | Note
--------------------------------------------------------------
     0 | D:1      | Hipnos the Deep Elf Fire Elementalist began the quest for the Orb.
     0 | D:1      | Reached XP level 1. HP: 10/10 MP: 6/6
   121 | D:1      | Reached XP level 2. HP: 15/15 MP: 4/8
   688 | D:1      | Learned a level 2 spell: Throw Flame
   983 | D:2      | Reached XP level 3. HP: 19/19 MP: 6/9
  1515 | D:2      | Found a faded altar to an unknown god.
  1916 | D:3      | Reached XP level 4. HP: 24/24 MP: 8/11
  2448 | D:3      | Learned a level 3 spell: Conjure Flame
  2767 | D:3      | Noticed Ijyb
  2774 | D:3      | Killed Ijyb
  2774 | D:3      | Reached XP level 5. HP: 20/28 MP: 7/13
  2850 | D:3      | Found an iron altar of Okawaru.
  3372 | D:4      | Reached skill level 5 in Spellcasting
  3389 | D:4      | Reached XP level 6. HP: 30/32 MP: 4/15
  3526 | D:4      | Found a glowing golden altar of the Shining One.
  3655 | D:4      | Reached skill level 5 in Fire Magic
  3964 | D:4      | Noticed varam's ghost (amateur TrTm)
  3971 | D:4      | Killed varam's ghost
  3971 | D:4      | Reached XP level 7. HP: 36/36 MP: 4/18
  4280 | D:4      | Found Woem's Magic Scroll Boutique.
  4372 | D:4      | HP: 1/36 [orc warrior/flail (14)]
  4617 | D:4      | Reached skill level 5 in Conjurations
  4715 | D:4      | Found a shattered altar of Ashenzari.
  4747 | D:4      | Found a white marble altar of Elyvilon.
  4747 | D:4      | Found a shadowy altar of Dithmenos.
  4881 | D:5      | Entered Level 5 of the Dungeon
  4947 | D:5      | Got an ichor-stained dagger
  4948 | D:5      | Identified the cursed +0 dagger of the Swamp {flame, rElec rF- Str+6} (You found it on level 5 of the Dungeon)
  5288 | D:5      | Found Duthu's Quality Used Wands.
  5325 | D:5      | Found Fitzikhi's Magic Scroll Shoppe.
  5753 | D:6      | Found a white marble altar of Elyvilon.
  5777 | D:6      | Reached XP level 8. HP: 19/41 MP: 21/21
  5789 | D:6      | Learned a level 5 spell: Fireball
  6330 | D:6      | Reached skill level 5 in Dodging
  6559 | D:6      | Reached XP level 9. HP: 28/45 MP: 3/24
  7411 | D:7      | Gained mutation: Scrolls take you a little longer to read. [mutagenic meat]
  7412 | D:7      | Gained mutation: Scrolls take you longer to read. [mutagenic meat]
  7413 | D:7      | Gained mutation: Your natural rate of healing is unusually fast. [mutagenic meat]
  7414 | D:7      | Gained mutation: Scrolls take you much longer to read. [mutagenic meat]
  7415 | D:7      | Gained mutation: You are frail (-10% HP). [mutagenic meat]
  7416 | D:7      | Gained mutation: You are dopey. (Int -2) [mutagenic meat]
  7547 | D:7      | Found an oddly glowing altar of Pakellas.
  7547 | D:7      | Noticed an orange crystal statue
  7705 | D:7      | Found a staircase to the Ecumenical Temple.
  7711 | Temple   | Entered the Ecumenical Temple
  7725 | Temple   | Became a worshipper of Vehumet
  8118 | D:8      | Reached skill level 10 in Spellcasting
  8162 | D:9      | Reached skill level 1 in Shields
  8247 | D:9      | Noticed pedritolo's ghost (novice MiMo)
  8266 | D:9      | Killed pedritolo's ghost
  8613 | D:9      | Noticed a troll
  8644 | D:9      | Killed a troll
  8644 | D:9      | Reached XP level 10. HP: 13/45 MP: 19/26
  8813 | D:9      | Reached * piety under Vehumet
  8813 | D:9      | Offered knowledge of Freeze by Vehumet.
  9517 | D:9      | Reached skill level 10 in Fire Magic
  9520 | D:9      | Offered knowledge of Searing Ray by Vehumet.
  9521 | D:9      | Reached ** piety under Vehumet
  9860 | D:10     | Entered Level 10 of the Dungeon
  9860 | D:10     | Noticed Erica
 10152 | D:10     | Offered knowledge of Mephitic Cloud by Vehumet.
 10174 | D:10     | Learned a level 3 spell: Mephitic Cloud
 10202 | D:10     | Found a staircase to the Orcish Mines.
 10223 | D:10     | Killed Erica
 10368 | D:10     | Found a staircase to the Lair.
 10450 | D:10     | HP: 1/45 [ogre/giant club (20)]
 10462 | D:10     | Reached *** piety under Vehumet
 10463 | D:10     | Reached XP level 11. HP: 16/48 MP: 28/28
 10889 | Lair:1   | Entered Level 1 of the Lair of Beasts
 11112 | Lair:1   | Offered knowledge of Dazzling Spray by Vehumet.
 12221 | Lair:2   | Noticed a death yak
 12221 | Lair:2   | Noticed a death yak
 12221 | Lair:2   | Noticed a death yak
 12221 | Lair:2   | Noticed a death yak
 12223 | Lair:2   | Noticed a death yak
 12225 | Lair:2   | Noticed a death yak
 12227 | Lair:2   | Killed a death yak
 12227 | Lair:2   | Reached skill level 5 in Shields
 12227 | Lair:2   | Killed a death yak
 12240 | Lair:2   | Annihilated by a death yak

Skill      XL: |  1  2  3  4  5  6  7  8  9 10 11 |
---------------+----------------------------------+-----
Fire Magic     | 4 5 6 7 9 11 12 | 12.4
Dodging        | 3 4 5 6 |  6.6
Spellcasting   | 4 5 6 7 9 10 11 12 | 12.5
Conjurations   | 2 3 4 5 6 8 9 |  9.8
Shields        | 2 3 5 |  5.0
Short Blades   | |  0.4
Stealth        | |  2.6
Air Magic      | |  0.2
Poison Magic   | |  0.2

Action                   |  1- 3 |  4- 6 |  7- 9 | 10-12 || total
-------------------------+-------+-------+-------+-------++-------
Melee: Dagger            |    17 |     2 |    12 |       ||    31
       Hand axe          |       |       |    13 |       ||    13
       Broad axe         |       |       |    15 |     4 ||    19
 Cast: Flame Tongue      |    78 |    93 |   241 |   258 ||   670
       Throw Flame       |       |     9 |    65 |    74 ||   148
       Conjure Flame     |       |     1 |     7 |     9 ||    17
       Fireball          |       |       |     5 |    17 ||    22
       Mephitic Cloud    |       |       |       |    10 ||    10
Evoke: Wand              |       |       |       |     2 ||     2
  Use: Scroll            |       |     6 |     4 |     7 ||    17
       Potion            |       |       |     6 |     7 ||    13
 Stab: Sleeping          |       |       |     3 |     2 ||     5
  Eat: Chunk             |     2 |     7 |    21 |    13 ||    43
Armor: Robe              |     8 |     3 |    23 |    14 ||    48
       Skin              |       |       |       |     5 ||     5
Dodge: Dodged            |    41 |    23 |    73 |    58 ||   195
Block: Buckler           |       |       |     9 |    34 ||    43
